 Dungeon Crawl Stone Soup version 0.30.0 (webtiles) character file.

Game seed: 1602766181922911902

28 cheesebisquit the Grave Robber (level 3, -1/24 HPs)
             Began as a Mummy Necromancer on May 6, 2023.
             Slain by a cerulean imp
             ... wielding a +2 spear
             ... summoned by Natasha
              (2 damage)
             ... on level 2 of the Dungeon.
             The game lasted 00:04:02 (1563 turns).

cheesebisquit the Grave Robber (Mummy Necromancer)  Turns: 1563, Time: 00:04:03

Health: -1/24      AC:  3    Str: 11    XL:     3   Next: 0%
Magic:  0/7        EV: 12    Int: 16    God:
Gold:   83         SH:  0    Dex: 12    Spells: 6/7 levels left

rFire   x . .        (no weapon)
rCold   + . .        (no shield)
rNeg    + + +        a - +0 robe
rPois   ∞            (no helmet)
rElec   .            (no cloak)
rCorr   .            f - +0 pair of gloves
SInv    .            (no boots)
Will    .....        (no amulet)
Stlth   ++           (no ring)
HPRegen 0.24/turn    (no ring)
MPRegen 0.10/turn

%: faith
@: very slightly contaminated
A: cold resistance 1, negative energy resistance 3, torment resistance 2, heat
vulnerability 1, in touch with death 1, no potions, faith
a: no special abilities


You were on level 2 of the Dungeon.
You visited 1 branch of the dungeon, and saw 2 of its levels.

You collected 83 gold pieces.

Inventory:

Hand Weapons
 c - a +0 club
 d - a +0 short sword
Missiles
 i - 3 poisoned darts
Armour
 a - a +0 robe (worn)
 f - a +0 pair of gloves (worn)
Jewellery
 e - a ring of ice
Scrolls
 b - 4 scrolls of identify {unknown}
 g - a scroll of immolation {unknown}
 h - a scroll of blinking {unknown}


   Skills:
 - Level 1.5 Dodging
 - Level 1.5 Stealth
 - Level 2.6 Spellcasting
 + Level 5.0 Necromancy


You had 6 spell levels left.
You knew the following spells:

 Your Spells              Type           Power      Damage    Failure   Level
a - Necrotise             Necr           100%       1d9       2%          1

Your spell library contained the following spells:

 Spells                   Type           Power      Damage    Failure   Level
 Vampiric Draining        Necr           27%        2d7       8%          3
 Animate Dead             Necr           27%        N/A       24%         4
 Agony                    Necr           27%        N/A       56%         5


Dungeon Overview and Level Annotations

Branches:
Dungeon (2/15)

Altars:

Shops:
D:1 *   D:2 (

Annotations:
D:2 Natasha


Innate Abilities, Weirdness & Mutations

You are immune to poison.
Your flesh is cold resistant. (rC+)
You are immune to negative energy. (rN+++)
You are immune to unholy pain and torment.
You are vulnerable to heat. (rF-)
You are in touch with the powers of death.
You do not drink.
You have a special connection with the divine. (Faith)


Message History

The cerulean imp hits you from afar with a +2 spear.
Natasha casts a spell at you.
The magic dart hits your ball python skeleton!
Your ball python skeleton is destroyed!
Your ball python skeleton bites Natasha but does no damage.
Your ball python skeleton constricts Natasha.
The cerulean imp hits you from afar with a +2 spear.
Aiming: Necrotise (safe; 2% risk of failure)
Press: ? - help, Q - select action, (/) - cycle Shift-Dir - straight line, f - Natasha
Aim: Natasha (heavily wounded, constricted by your ball python skeleton, ally target, chance to affect: 83%)
You feel a surge of power!
Natasha writhes in agony.
Natasha struggles to escape constriction. x2
Your ball python skeleton bites Natasha but does no damage.
Your ball python skeleton constricts Natasha.
The cerulean imp hits you from afar with a +2 spear.
You can't drink.
Natasha closely misses you.
Your ball python skeleton bites Natasha but does no damage.
Your ball python skeleton constricts Natasha.
The cerulean imp hits you but does no damage.
There is an open door here.
Aiming: Necrotise (safe; 2% risk of failure)
Press: ? - help, Q - select action, (/) - cycle Shift-Dir - straight line, f/p - Natasha
Aim: Natasha (severely wounded, constricted by your ball python skeleton, ally target, chance to affect: 83%)
You feel a surge of power!
You miscast Necrotise.
You are very lightly contaminated with residual magic.
Nothing appears to happen.
Natasha claws you.
* * * LOW HITPOINT WARNING * * *
Your ball python skeleton bites Natasha but does no damage.
Your ball python skeleton constricts Natasha.
The cerulean imp barely misses you.
You hit Natasha but do no damage.
Natasha is severely wounded.
Natasha claws you.
* * * LOW HITPOINT WARNING * * *
Your ball python skeleton bites Natasha.
Your ball python skeleton constricts Natasha.
The cerulean imp hits you with a +2 spear.
You die...

#......# #<.....#
#...... #......#
#..... #......#
#..... ###'######
#....# #....#
#....# #....#
#(.†.# #.)..#
#.5hZ# #....# #@#
##....# #.# ##....#
#.# ##....#
#######'## ##....#
#........# ####.##
#........# # #.#
#........#
####.#####........#
...[....##........#


You could see Natasha (ally target), a cerulean imp (summoned) and a friendly
ball python skeleton.

Vanquished Creatures
  3 endoplasms
  A giant cockroach (D:1)
  3 goblins
  3 hobgoblins (D:1)
  2 kobolds (D:1)
  4 ball pythons
  3 bats
  A frilled lizard (D:2)
  4 rats
24 creatures vanquished.

Vanquished Creatures (collateral kills)
  A dart slug (D:1)
  A frilled lizard (D:2)
2 creatures vanquished.

Grand Total: 26 creatures vanquished

Notes
Turn   | Place    | Note
-------+----------+-------------------------------------------
     0 | D:1      | cheesebisquit the Mummy Necromancer began the quest for the
                  | Orb.
     0 | D:1      | Reached XP level 1. HP: 13/13 MP: 4/4
    28 | D:1      | Found Taeni's Assorted Antiques.
   185 | D:1      | Reached XP level 2. HP: 19/19 MP: 3/5
  1124 | D:2      | Found Zuudgh's Weapon Emporium.
  1551 | D:2      | Noticed Natasha
  1553 | D:2      | Reached skill level 5 in Necromancy
  1558 | D:2      | Gained mutation: You are in touch with the powers of death.
                  | [Mummy growth]
  1558 | D:2      | Reached XP level 3. HP: 22/24 MP: 1/7
  1563 | D:2      | HP: 1/24 [Natasha (6)]
  1563 | D:2      | Slain by a cerulean imp

Illustrated notes

Levels and vault maps discovered:
D:1:      scummos_arrival_gate, layout_basic, serial_shops, shop,
          minmay_curled_crystal
D:2:      layout_basic, serial_shops, shop, minmay_crystal_room, uniq_natasha

Skill      XL: |  1  2 |
---------------+-------+-----
Necromancy     | 5 |  5.0
Dodging        | |  1.5
Stealth        | |  1.5
Spellcasting   | |  2.6

Action                     || total
---------------------------++-------
  Melee: Unarmed           ||     7
   Cast: Necrotise         ||    40
 Armour: Robe              ||     2
  Dodge: Dodged            ||    11
